 Dungeon Crawl Stone Soup version 0.25-a0-388-g41a7e554cb (webtiles) character file.

Game seed: 11480546509480667049, levelgen mode: deterministic

168845 Borgoz the Tortoise (level 17, -4/171 HPs)
             Began as a Gargoyle Berserker on Jan 7, 2020.
             Was the Champion of Trog.
             Killed by divine providence
             ... invoked by a meliai
              (11 damage)
             ... on level 1 of the Shoals.
             The game lasted 00:58:12 (27221 turns).

Borgoz the Tortoise (Gargoyle Berserker)           Turns: 27221, Time: 00:58:12

Health: -4/171     AC: 29    Str: 47    XL:     17   Next: 95%
Magic:  17/17      EV: 18    Int: 10    God:    Trog [******]
Gold:   1397       SH: 32    Dex: 29    Spells: 16/16 levels left

rFire    + . .     SeeInvis +   C - +6 shillelagh "Devastator" {shatter}
rCold    + + .     Gourm    .   M - +18 shield of the Gong {rElec rN+ MR+ EV-5}
rNeg     + + .     Faith    +   R - +1 ring mail of Impatience {rCorr Str+3}
rPois    ∞         Spirit   .   (no helmet)
rElec    +         Reflect  .   O - scarf {rC+ rF+}
rCorr    +         Harm     .   U - +2 pair of gloves
MR       +++..                  r - +1 pair of boots of Amelioration {Dex+6 Stlth-}
Stlth    ..........             N - amulet of Nobility {Faith rF- MR+ Dex+8 Slay+3}
HPRegen  0.38/turn              J - ring of Xom's Favour {rF+ Str+8 Dex+4 SInv}
MPRegen  0.15/turn              v - ring of Kekoinoc {rC+ Str+7}

@: berserking, flying, starving, very quick
A: big wings, negative energy resistance 1, electricity resistance, unbreathing,
petrification resistance, rot immunity, AC +12
a: Stop Flying, Berserk, Trog's Hand, Brothers in Arms, Renounce Religion


You were on level 1 of the Shoals.
You worshipped Trog.
Trog was exalted by your worship.
You were starving.

You visited 4 branches of the dungeon, and saw 25 of its levels.
You also visited: Gauntlet, Ice Cave and Volcano.

You collected 3083 gold pieces.
You spent 1686 gold pieces at shops.

Inventory:

Hand Weapons
 u - the +2 war axe "Mopazyacs" {chop, *Rage rN+ Dex+6, unknown}
   (Trog gifted it to you on level 1 of the Shoals)

   It inflicts extra damage upon your enemies.
   It affects your dexterity (+6).
   It protects you from negative energy.
   It may make you go berserk in combat.
 y - the +5 quarterstaff "Pualluni" {antimagic, MR+ Int+4 Dex+4, unknown}
   (You found it on level 1 of the Shoals)

   It reduces the magical energy of the wielder, and disrupts the spells and
   magical abilities of those hit.
   Natural abilities and divine invocations are not affected.
   It affects your intelligence (+4).
   It affects your dexterity (+4).
   It affects your resistance to hostile enchantments.
 C - the +6 shillelagh "Devastator" (weapon) {shatter}
   (You found it in a Gauntlet)
Missiles
 A - 3 throwing nets (quivered)
Armour
 r - the +1 pair of boots of Amelioration (worn) {Dex+6 Stlth-}
   (You found it in a Gauntlet)

   It affects your dexterity (+6).
   It makes you less stealthy.
 M - the +18 shield of the Gong (worn) {rElec rN+ MR+ EV-5}
   (You bought it in a shop on level 2 of the Orcish Mines)

   It affects your evasion (-5).
   It insulates you from electricity.
   It protects you from negative energy.
   It affects your resistance to hostile enchantments.
 O - a scarf of resistance (worn)
 R - the +1 ring mail of Impatience (worn) {rCorr Str+3}
   (You found it on level 4 of the Lair of Beasts)

   It affects your strength (+3).
   It provides partial protection from all sources of acid and corrosion.
 U - a +2 pair of gloves (worn)
Jewellery
 v - the ring of Kekoinoc (right hand) {rC+ Str+7}
   (You took it off a minotaur in a Gauntlet)

   [ring of protection from cold]

   It affects your strength (+7).
   It protects you from cold.
 J - the ring of Xom's Favour (left hand) {rF+ Str+8 Dex+4 SInv}
   (You found it on level 1 of the Orcish Mines)

   [ring of protection from fire]

   It affects your strength (+8).
   It affects your dexterity (+4).
   It protects you from fire.
   It lets you see invisible.
 N - the amulet of Nobility (around neck) {Faith rF- MR+ Dex+8 Slay+3}
   (You acquired it on level 15 of the Dungeon)

   [amulet of faith]

   It allows you to gain divine favour quickly.
   It affects your dexterity (+8).
   It affects your accuracy and damage with ranged weapons and melee attacks
   (+3).
   It makes you vulnerable to fire.
   It affects your resistance to hostile enchantments.
Wands
 a - a wand of scattershot (6)
 x - a wand of acid (3)
 z - a wand of digging (20)
 B - a wand of iceblast (19)
 Q - a wand of paralysis (5)
Scrolls
 b - 4 scrolls of fog
 d - 2 scrolls of summoning {unknown}
 e - 6 scrolls of remove curse
 g - 5 scrolls of blinking
 h - 17 scrolls of teleportation
 i - 2 scrolls of enchant weapon {unknown}
 l - 5 scrolls of noise {unknown}
 m - 5 scrolls of fear
 o - a scroll of identify
 p - 2 scrolls of torment {unknown}
 q - a scroll of vulnerability {unknown}
 s - a scroll of magic mapping
 D - a scroll of silence
Potions
 f - a potion of heal wounds
 j - 2 potions of agility
 k - 8 potions of curing
 n - 6 potions of cancellation
 t - 2 potions of haste
 w - 3 potions of might
 E - 5 potions of resistance
 L - a potion of berserk rage
Comestibles
 c - 41 rations


   Skills:
 + Level 15.7 Fighting
 + Level 17.1 Maces & Flails
 + Level 18.0 Armour
 + Level 12.5 Dodging
 + Level 3.4 Shields


You had 16 spell levels left.
You didn't know any spells.
Your spell library was empty.

Dungeon Overview and Level Annotations

Branches:
Dungeon (15/15)            Temple (0/1) D:5            Lair (6/6) D:11
 Shoals (2/4) Lair:3       Spider (0/4) Lair:2        Slime (0/5) Lair:5
    Orc (2/2) D:9             Elf (0/3) Orc:2        Vaults (0/5) D:13
 Depths (0/5) D:15          IceCv (visited)         Volcano (visited)
Gauntlet (visited)

Altars:
Dithmenos
Gozag
Hepliaklqana
Makhleb
Okawaru
Qazlal
Ru
Wu Jian
Xom
Beogh
Jiyva

Shops:
D:15 }   Orc:1 %   Orc:2 (([!


Innate Abilities, Weirdness & Mutations

You are resistant to torment.
Your stone body is resilient. (AC +12)
You are immune to poison.
Your large and strong wings let you fly indefinitely.
You resist negative energy. (rN+)
You are resistant to electric shocks. (rElec)
You can survive without breathing.
You are immune to petrification.
You are immune to rotting.


Message History

You bludgeon the meliai!!
The meliai shudders.
The meliai is severely wounded.
You block the meliai's attack.
BONNNG!
You block the meliai's attack.
PANG!
The meliai hits you but does no damage. The meliai barely misses you.
You hit the meliai.
The meliai shudders.
You feel the power of Trog in you as your rage grows.
You kill the meliai!
Trog accepts your kill. You block the meliai's attack.
PTOANNNG!
You block the meliai's attack.
GONNNNG!
You closely miss the meliai.
The meliai is moderately wounded.
The meliai calls down the wrath of its god upon you.
Something smites you!
You die...

≈..# #..≈≈≈≈≈≈≈≈≈^.≈≈≈≈≈..≈..≈≈
≈..#####.≈≈≈≈≈≈≈≈≈..≈≈≈≈≈≈.≈≈≈≈≈≈
≈≈...##.≈≈≈≈≈≈≈≈≈..≈≈≈≈≈≈≈≈≈≈≈≈.≈
≈..≈.......≈≈≈≈≈≈.≈≈≈≈≈≈≈..≈≈....
≈≈≈≈≈≈≈.###.≈≈≈≈≈.≈≈≈≈...........
≈≈≈≈≈≈≈.# #.≈≈≈≈.(≈≈≈≈...##....)≈
≈≈≈≈≈P≈.###≈.≈≈....≈≈≈≈..#.(....≈
≈≈≈≈≈≈≈PP..≈≈≈≈..)..≈≈≈≈..(.≈..≈≈
≈≈≈≈≈≈≈P<.≈≈≈≈≈y@##..≈≈≈≈(..≈≈≈≈≈
≈≈≈≈≈≈≈≈≈≈≈≈≈≈≈.###..≈≈≈≈≈....≈≈≈
≈≈≈≈≈≈≈≈≈≈P≈≈≈..##....≈≈≈≈≈≈...≈≈
≈≈≈≈P≈P≈≈≈≈P≈..#####.......≈≈....
≈≈PPPPP≈P≈≈...## #............#
≈≈≈≈PP≈P.≈)..## ##.###........
≈≈PP........## ##.# #........
≈≈PP...###..## #..###..≈≈≈≈..
≈≈..######(..# ##.......≈≈≈≈..


You could see a meliai.

Vanquished Creatures
  Frances (D:14)
  Kirke (Shoals:1)
  A frost giant (D:15)
  The ghost of Fiomipt the Markscentaur, a journeyman CeHu of Okawaru (D:15)
  A stone giant (Volcano)
  A minotaur (Gauntlet)
  A merfolk impaler (Shoals:1)
  Fannar (D:9)
  Harold (D:7)
  A hell beast (Gauntlet)
  16 hydras
  A catoblepas (Lair:5)
  Erolcha (D:11)
  An ice dragon (Lair:5)
  4 vault guards (D:13)
  5 centaur warriors
  The ghost of Taizium the Fighter, a journeyman GrGl of Ashenzari (D:10)
  A tengu warrior (D:15)
  8 two-headed ogres
  6 death yaks (Lair:3)
  The ghost of LostGamesStreakFreak the Spear-Bearer, a novice MfAK of Lugonu (D:8)
  An ogre mage (Orc:1)
  6 orc high priests (Orc:2)
  15 skeletal warriors
  Sonja (Lair:3)
  3 unseen horrors
  3 swamp dragons (Lair:3)
  5 sea snakes
  A wizard (D:15)
  4 orc knights
  4 harpies (Shoals:1)
  A wolf spider zombie (D:12)
  3 ugly things
  An orc sorcerer (Orc:1)
  2 cyclopes
  2 manticores (Shoals:1)
  5 fauns (Shoals:1)
  Joseph (D:10)
  2 oklob plants
  A cyclops (shapeshifter) (D:9)
  5 black mambas
  3 ice statues (IceCv)
  6 elephants (Lair:6)
  An eye of devastation (Gauntlet)
  2 water nymphs
  2 centaur zombies (D:15)
  A gargoyle (Volcano)
  4 merfolk sirens
  22 spiny frogs
  An efreet (Volcano)
  4 rime drakes
  10 komodo dragons
  6 jumping spiders (Lair:2)
  A yaktaur (D:15)
  3 wind drakes (Shoals:1)
  A meliai (Shoals:1)
  2 polar bears
  8 merfolk
  4 trolls
  4 tyrant leeches (Lair:6)
  23 blink frogs
  16 hippogriffs
  4 snapping turtles
  4 dream sheep (Shoals:1)
  4 slime creatures (D:15)
  A raiju (shapeshifter) (D:13)
  A centaur simulacrum (D:10)
  A redback (Lair:2)
  2 wraiths
  A water elemental (Shoals:1)
  A vampire (D:10)
  6 shadows
  3 wyverns
  A human (D:7)
  9 fire bats (Volcano)
  34 yaks
  2 golden eyes (Gauntlet)
  9 hogs
  2 fire elementals (Volcano)
  10 vampire mosquitoes
  2 basilisks
  2 chaos spawn
  An acid dragon (D:13)
  5 wargs (Orc:2)
  11 water moccasins
  2 hell hounds (Gauntlet)
  13 orc warriors
  8 porcupines
  6 sky beasts
  13 ice beasts
  3 black bears
  2 phantoms
  An eye of draining (D:10)
  7 wolves
  21 ogres
  21 centaurs
  14 crocodiles
  2 big kobolds
  30 bullfrogs
  3 gnoll sergeants
  A wyvern skeleton (D:8)
  5 scorpions
  16 wights
  9 killer bees
  3 howler monkeys
  4 electric eels
  9 lava snakes (Volcano)
  13 crimson imps
  4 quasits
  3 bullfrog zombies
  34 orc priests
  8 centaur skeletons
  5 hounds
  8 jellies
  6 iguanas
  11 worker ants
  Ijyb (D:3)
  2 bullfrog skeletons
  11 orc wizards
  2 bullfrog simulacra (D:10)
  A hound zombie (D:5)
  2 hound skeletons
  A worker ant zombie (D:5)
  15 adders
  15 gnolls
  A howler monkey skeleton (D:4)
  A hound simulacrum (D:10)
  6 shadow imps
  A white imp (D:10)
  2 adder skeletons (D:9)
  A dart slug (D:1)
  9 leopard geckos
  82 orcs
  4 ball pythons
  5 giant cockroaches
  8 goblins
  6 hobgoblins
  2 jackals (D:6)
  14 kobolds
  5 quokkas
  3 bats
  4 frilled lizards
  A giant cockroach zombie (D:5)
  A quokka zombie (D:6)
  8 rats
  2 fungi
  8 plants
870 creatures vanquished.

Vanquished Creatures (others)
  A water elemental (Shoals:2)
  A sky beast (D:15)
  5 fungi
  17 plants
24 creatures vanquished.

Grand Total: 894 creatures vanquished

Notes
Turn   | Place    | Note
-------+----------+-------------------------------------------
     0 | D:1      | Borgoz the Gargoyle Berserker began the quest for the Orb.
     0 | D:1      | Reached XP level 1. HP: 14/14 MP: 1/1
   220 | D:1      | Reached XP level 2. HP: 17/19 MP: 2/2
   809 | D:2      | Reached XP level 3. HP: 23/23 MP: 3/3
  1251 | D:2      | Reached ** piety under Trog
  1527 | D:3      | Noticed Ijyb
  1541 | D:3      | Killed Ijyb
  1541 | D:3      | Reached XP level 4. HP: 28/29 MP: 4/4
  1906 | D:3      | Reached skill level 3 in Armour
  2061 | D:4      | Noticed an ice beast
  2070 | D:4      | Reached XP level 5. HP: 33/33 MP: 5/5
  2075 | D:4      | Killed an ice beast
  2300 | D:4      | Reached XP level 6. HP: 35/39 MP: 6/6
  2305 | D:4      | Found a hazy altar of Hepliaklqana.
  2324 | D:4      | Reached skill level 5 in Maces & Flails
  2698 | D:4      | Found an opulent altar of Gozag.
  2698 | D:4      | Found an iron altar of Okawaru.
  2699 | D:4      | Found a shadowy altar of Dithmenos.
  2759 | D:4      | Found a stormy altar of Qazlal.
  2978 | D:5      | Entered Level 5 of the Dungeon
  2990 | D:5      | Reached skill level 4 in Armour
  3015 | D:5      | Reached XP level 7. HP: 42/44 MP: 7/7
  3025 | D:5      | Found a staircase to the Ecumenical Temple.
  3510 | D:6      | Reached *** piety under Trog
  3510 | D:6      | Reached skill level 5 in Fighting
  3812 | D:6      | Reached XP level 8. HP: 35/49 MP: 8/8
  4014 | D:6      | Reached skill level 5 in Armour
  5284 | D:7      | Reached XP level 9. HP: 41/55 MP: 9/9
  5499 | D:7      | Reached skill level 6 in Armour
  5526 | D:7      | HP: 2/56 [hog (8)]
  5984 | D:7      | Noticed Harold
  6000 | D:7      | Killed Harold
  6000 | D:7      | Reached **** piety under Trog
  6000 | D:7      | Reached skill level 7 in Armour
  6000 | D:7      | Reached skill level 5 in Dodging
  6026 | D:7      | Reached XP level 10. HP: 62/63 MP: 10/10
  6982 | D:8      | HP: 1/64 [orc priest/divine providence (16)]
  7288 | D:8      | Found an ornate altar of the Wu Jian Council.
  7469 | D:8      | Reached skill level 10 in Maces & Flails
  7499 | D:8      | Found a sacrificial altar of Ru.
  7754 | D:8      | Found a transporter.
  7770 | D:8      | Found a transporter.
  7771 | D:8      | Noticed LostGamesStreakFreak's ghost (novice MfAK)
  7972 | D:9      | Noticed a brown ugly thing
  7995 | D:9      | Killed a brown ugly thing
  7995 | D:9      | Reached skill level 8 in Armour
  8062 | D:9      | Killed an unseen horror
  8277 | D:9      | Found a burning altar of Makhleb.
  8284 | D:9      | Reached ***** piety under Trog
  8284 | D:9      | Received a gift from Trog
  8288 | D:9      | Paralysed by a floating eye for 3 turns
  8290 | D:9      | Noticed a torpor snail
  8290 | D:9      | a floating eye changed into a torpor snail
  8299 | D:9      | Noticed a cyclops
  8299 | D:9      | a torpor snail changed into a cyclops
  8311 | D:9      | Killed a cyclops
  8311 | D:9      | Reached XP level 11. HP: 56/69 MP: 11/11
  8331 | D:9      | Got a bloodstained glaive {god gift}
  8417 | D:9      | Found a staircase to the Orcish Mines.
  9071 | D:10     | Entered Level 10 of the Dungeon
  9081 | D:10     | Noticed a two-headed ogre
  9081 | D:10     | Noticed Fannar
  9101 | D:9      | Killed a two-headed ogre
  9503 | D:9      | Killed Fannar
  9836 | D:10     | Noticed Joseph
  9853 | D:10     | Killed Joseph
  9853 | D:10     | Reached skill level 9 in Armour
 10157 | D:10     | Killed an unseen horror
 10416 | D:10     | Noticed Taizium's ghost (journeyman GrGl)
 10711 | D:10     | Found a runed translucent gate.
 10711 | D:10     | Found a runed translucent gate.
 10711 | D:10     | Found a runed translucent gate.
 10965 | D:11     | Found a shimmering altar of Xom.
 10965 | D:11     | Found the +7 mace of Variability {chain chaos}
 11195 | D:11     | Noticed Erolcha
 11203 | D:11     | Killed Erolcha
 11204 | D:11     | Noticed an oklob plant
 11218 | D:11     | Found a staircase to the Lair.
 11227 | D:11     | Noticed a two-headed ogre
 11233 | D:11     | Killed a two-headed ogre
 11286 | D:11     | Noticed a skeletal warrior
 11309 | D:11     | Noticed a skeletal warrior
 11317 | D:11     | Killed a skeletal warrior
 11317 | D:11     | Reached XP level 12. HP: 40/77 MP: 12/12
 11324 | D:11     | Reached skill level 10 in Fighting
 12047 | D:8      | Killed LostGamesStreakFreak's ghost
 12047 | D:8      | Reached skill level 10 in Armour
 12192 | D:10     | Killed Taizium's ghost
 12192 | D:10     | Received a gift from Trog
 13658 | D:12     | Noticed a four-headed hydra
 13675 | D:11     | Killed a four-headed hydra
 14004 | D:12     | Reached XP level 13. HP: 84/84 MP: 13/13
 14131 | D:12     | Received a gift from Trog
 14136 | D:12     | Got a translucent triple sword {god gift}
 14137 | D:12     | Identified the +3 triple sword "Noufadd" {slice, Dex+7}
                  | (Trog gifted it to you on level 12 of the Dungeon)
 14265 | D:12     | Got a steaming robe
 14513 | D:13     | Reached skill level 11 in Armour
 14703 | D:13     | Noticed a vault guard
 14704 | D:13     | Noticed a vault guard
 14704 | D:13     | Noticed a vault guard
 14704 | D:13     | Noticed a vault guard
 14723 | D:13     | Killed a vault guard
 14732 | D:13     | Killed a vault guard
 14744 | D:13     | Killed a vault guard
 14750 | D:13     | Killed a vault guard
 15087 | D:13     | Found a gate to the Vaults.
 15573 | D:13     | Received a gift from Trog
 16213 | D:14     | Got a polished long sword
 16420 | D:14     | Noticed Frances
 16439 | D:14     | Killed Frances
 16595 | D:15     | Entered Level 15 of the Dungeon
 16627 | D:15     | Identified 2 scrolls of acquirement
 16627 | D:15     | Identified the amulet of Wiahur {Harm *Drain +Blink rPois
                  | MR+ Str-3} (You acquired it on level 15 of the Dungeon)
 16671 | D:15     | Identified the amulet of Nobility {Faith rF- MR+ Dex+8
                  | Slay+3} (You acquired it on level 15 of the Dungeon)
 16761 | D:15     | Reached skill level 12 in Armour
 16772 | D:15     | Gained mutation: Your large and strong wings let you fly
                  | indefinitely. [Gargoyle growth]
 16772 | D:15     | Reached XP level 14. HP: 73/92 MP: 14/14
 16891 | D:15     | Received a gift from Trog
 16906 | D:15     | Found a runed translucent door.
 16930 | D:15     | Found a gate leading to a gauntlet.
 16937 | Gauntlet | Entered a Gauntlet
 16937 | Gauntlet | Found a transporter.
 16937 | Gauntlet | Found a transporter.
 16941 | Gauntlet | Found a transporter.
 16941 | Gauntlet | Found a transporter.
 16950 | Gauntlet | Found a transporter.
 16969 | Gauntlet | Found a transporter.
 16969 | Gauntlet | Noticed a dire elephant
 16975 | Gauntlet | Found a large runed translucent door.
 16976 | Gauntlet | Found a large runed translucent door.
 16977 | Gauntlet | Found a large runed translucent door.
 16977 | Gauntlet | Found a large runed translucent door.
 16978 | Gauntlet | Found a runed translucent gate.
 16979 | Gauntlet | Found a large runed translucent door.
 16979 | Gauntlet | Found a large runed translucent door.
 16979 | Gauntlet | Found a runed translucent door.
 16980 | Gauntlet | Found a transporter.
 16980 | Gauntlet | Found a runed translucent gate.
 16980 | Gauntlet | Found a transporter.
 16981 | Gauntlet | Found a runed translucent gate.
 16981 | Gauntlet | Found a runed translucent door.
 16983 | Gauntlet | Found a large runed translucent door.
 16983 | Gauntlet | Found a large runed translucent door.
 16984 | Gauntlet | Found a large runed translucent door.
 16985 | Gauntlet | Found a large runed translucent door.
 17003 | Gauntlet | Found a transporter.
 17020 | Gauntlet | Found a large runed translucent door.
 17021 | Gauntlet | Found a large runed translucent door.
 17023 | Gauntlet | Found a transporter.
 17041 | Gauntlet | Found a transporter.
 17086 | Gauntlet | Found a transporter.
 17102 | Gauntlet | Found a transporter.
 17115 | Gauntlet | Found a transporter.
 17203 | Gauntlet | Found a transporter.
 17217 | Gauntlet | Found a transporter.
 17234 | Gauntlet | Found a large runed translucent door.
 17234 | Gauntlet | Found a large runed translucent door.
 17235 | Gauntlet | Found a large runed translucent door.
 17236 | Gauntlet | Found a large runed translucent door.
 17501 | Gauntlet | Got a faintly glowing spear
 17507 | Gauntlet | Got a pair of bloodstained boots
 17519 | Gauntlet | Identified the +1 pair of boots of Amelioration {Dex+6
                  | Stlth-} (You found it in a Gauntlet)
 17546 | Gauntlet | Identified the ring of Kekoinoc {rC+ Str+7}
 17562 | Gauntlet | Identified Sif Muna's Disquisition on Translocation and
                  | Heat
 17563 | Gauntlet | Found the +6 shillelagh "Devastator" {shatter}
 17625 | D:15     | Found Ule Poph's Gadget Shop.
 17664 | D:15     | Reached skill level 13 in Armour
 17675 | D:15     | Reached skill level 15 in Maces & Flails
 17765 | D:15     | Noticed Fiomipt's ghost (journeyman CeHu)
 17959 | D:15     | Noticed a frost giant
 17968 | D:15     | Killed a frost giant
 17970 | D:15     | Found a staircase to the Depths.
 18069 | D:15     | Killed Fiomipt's ghost
 18069 | D:15     | Reached skill level 10 in Dodging
 18189 | Lair:1   | Entered Level 1 of the Lair of Beasts
 18297 | Lair:1   | Received a gift from Trog
 19009 | Lair:2   | Reached skill level 14 in Armour
 19205 | Lair:2   | Found a hole to the Spider Nest.
 19380 | Lair:2   | Reached XP level 15. HP: 62/99 MP: 15/15
 19810 | Lair:3   | Found a dark tunnel.
 19830 | Volcano  | Entered a volcano
 19977 | Volcano  | Received a gift from Trog
 19993 | Volcano  | Found a bloodstained altar of Trog.
 20134 | Lair:3   | Noticed Sonja
 20148 | Lair:3   | Killed Sonja
 20169 | Lair:3   | Reached skill level 15 in Armour
 20189 | Lair:3   | Found a transporter.
 20377 | Lair:3   | Found a staircase to the Shoals.
 20409 | Lair:3   | Found a transporter.
 21135 | Lair:4   | Received a gift from Trog
 21150 | Lair:4   | Got a translucent rapier {god gift}
 21457 | Lair:4   | You are sucked into a shaft and drop 1 floor!
 21494 | Lair:5   | Reached XP level 16. HP: 106/107 MP: 16/16
 21664 | Lair:5   | Found a staircase to the Slime Pits.
 21736 | Lair:5   | Found a viscous altar of Jiyva.
 21756 | Lair:5   | Found a frozen archway.
 21791 | IceCv    | Entered an ice cave
 21825 | IceCv    | Reached skill level 16 in Armour
 21831 | IceCv    | Identified the +3 morningstar of Disharmony {crush, Fragile
                  | rElec Str+5 SInv} (You acquired it in an ice cave)
 22058 | Lair:5   | Received a gift from Trog
 22368 | Lair:6   | Entered Level 6 of the Lair of Beasts
 22457 | Lair:6   | Reached XP level 17. HP: 89/112 MP: 17/17
 22644 | Lair:6   | Received a gift from Trog
 22667 | Lair:6   | Reached skill level 15 in Fighting
 23637 | Lair:4   | Got a shimmering ring mail
 23936 | Lair:4   | Identified the +1 ring mail of Impatience {rCorr Str+3}
                  | (You found it on level 4 of the Lair of Beasts)
 24085 | Orc:1    | Entered Level 1 of the Orcish Mines
 24112 | Orc:1    | Found Zidiyst's Food Shop.
 24220 | Orc:2    | Entered Level 2 of the Orcish Mines
 24229 | Orc:2    | Found a staircase to the Elven Halls.
 24322 | Orc:1    | Reached ****** piety under Trog
 24406 | Orc:1    | Paralysed by an orc sorcerer for 4 turns
 24442 | Orc:1    | Received a gift from Trog
 24619 | Orc:1    | Reached skill level 17 in Armour
 24669 | Orc:1    | Got a flickering tin ring
 24671 | Orc:1    | Identified the ring of Xom's Favour {rF+ Str+8 Dex+4 SInv}
                  | (You found it on level 1 of the Orcish Mines)
 25049 | Orc:2    | Received a gift from Trog
 25152 | Orc:2    | Found Wilog's Antique Weapon Shop.
 25152 | Orc:2    | Found Gegozxum's Antique Weapon Shoppe.
 25355 | Orc:2    | Found Soskutuu's Armour Shop.
 25359 | Orc:2    | Found Icoadoy's Distillery.
 25657 | Orc:2    | Bought a potion of heal wounds for 80 gold pieces
 25775 | Orc:2    | Found a roughly hewn altar of Beogh.
 25974 | Orc:2    | Bought a steaming morningstar for 342 gold pieces
 25974 | Orc:2    | Identified the cursed +1 morningstar "Qufayr" {crush,
                  | Dex+7} (You bought it in a shop on level 2 of the Orcish
                  | Mines)
 26007 | Orc:2    | Bought the +18 shield of the Gong {rElec rN+ MR+ EV-5} for
                  | 1264 gold pieces
 26007 | Orc:2    | Found the +18 shield of the Gong {rElec rN+ MR+ EV-5}
 26223 | Shoals:1 | Entered Level 1 of the Shoals
 26269 | Shoals:1 | Reached skill level 1 in Shields
 26285 | Shoals:1 | Received a gift from Trog
 26334 | Shoals:1 | Got a twisted war axe {god gift}
 26587 | Shoals:1 | Noticed Kirke
 26601 | Shoals:1 | Killed Kirke
 26758 | Shoals:1 | Got a scorched quarterstaff
 27171 | Shoals:2 | Received a gift from Trog
 27189 | Shoals:2 | Reached skill level 18 in Armour
 27218 | Shoals:1 | HP: 6/171 [meliai/divine providence (12)]
 27221 | Shoals:1 | Killed from afar by a meliai

Levels and vault maps discovered:
D:1:      matt_arrival_refuge, layout_loops_ring, glass_columns_a
D:2:      layout_basic, serial_glass, glass_columns_c, glass_columns_b,
          first_ration
D:3:      layout_rooms, uniq_ijyb
D:4:      layout_cave_pools, nicolae_qazlal_general_emergency,
          kennysheep_little_box, gammafunk_temple_overflow_forgotten
D:5:      layout_rooms, temple_fountains
D:6:      layout_basic, minmay_statues_item, minmay_between
D:7:      layout_gridville, chequers_jeans, grunt_livestock, uniq_harold
D:8:      layout_basic, old_standard_altar, nicolae_overflow_crystal_walls,
          gammafunk_ghost_stat_death
D:9:      hangedman_cross_cluster, layout_basic, orc_0_dummy
D:10:     layout_irregular_city, gammafunk_ghost_icy, uniq_fannar, uniq_joseph
D:11:     layout_loops_cross, dpeg_oklobed_lair,
          minmay_guarded_unrand_variability, uniq_erolcha
D:12:     layout_cave_pools
D:13:     layout_stronghold, lightli_vaults_fourway_checkpoint
D:14:     layout_irregular_city, serial_park_paths
          [serial_park_minivault_5x5_5], drop_trap, st_stairs_10, uniq_frances
D:15:     grunt_enter_depths_snipers, layout_rooms, gauntlet_entry_generic,
          serial_shops, shop_statue, minmay_crystal_room,
          ebering_ghost_reflecting_pool, minmay_stone_trees_small
Lair:1:   layout_cave_shapes, serial_bayou_shore_a, serial_bayou_shore_b,
          grunt_megastairs_4, lemuel_fruit_tree, infiniplex_staircase_pool_2,
          minmay_lair_oklob_chamber, serial_bayou_shore_b
Lair:2:   layout_regular_city, nicolae_spider_entry_tight_spaces, st_stairs_3,
          hangedman_lair_unloving_vines, minivault_11, lemuel_fruit_fields
Lair:3:   gammafunk_cloud_chamber, layout_regular_city,
          elwin_shoals_entry_rocks, nicolae_volcano_entry_lava_flow,
          nicolae_quartered_pool_little, uniq_sonja
Lair:4:   layout_loops_ring, fungi_pond_lemuel, st_stairs_11,
          beast_lair_carwin_8, serial_bayou_shore_b
Lair:5:   layout_gridlike, slime_altar_1,
          portal_ice_cave_entry_animals_and_master, serial_bayou_shore_b
Lair:6:   minmay_lair_end_frog_pond, layout_regular_city, st_stairs_3,
          ldierk_geyser, chequers_serial_rivers_small_a, lemuel_fruit_fields
Shoals:1: layout_shoals, uniq_kirke
Shoals:2: layout_shoals, gammafunk_ghost_necromancy, regret_index_shoals_crete
Orc:1:    lemuel_ogre_cave, layout_caves, serial_shops, shop
Orc:2:    st_orc_town, layout_diamond_mine, sword_in_stone

Skill      XL: |  1  2  3  4  5  6  7  8  9 10 11 12 13 14 15 16 17 |
---------------+----------------------------------------------------+-----
Dodging        | 2 3 4 5 6 7 8 9 10 11 12 | 12.5
Maces & Flails | 4 5 6 7 9 10 12 13 14 15 16 17 | 17.1
Armour         | 3 4 5 7 8 9 10 12 14 15 16 18 | 18.0
Fighting       | 4 5 6 7 8 9 11 12 13 14 15 | 15.7
Shields        | 3 |  3.4

Action                   |  1- 3 |  4- 6 |  7- 9 | 10-12 | 13-15 | 16-18 || total
-------------------------+-------+-------+-------+-------+-------+-------++-------
Melee: Mace              |   109 |    99 |       |       |       |       ||   208
       Flail             |       |    32 |   348 |       |       |       ||   380
       Morningstar       |       |       |   103 |   184 |       |   305 ||   592
       Whip              |       |       |       |   269 |       |       ||   269
       Dire flail        |       |       |       |   464 |       |       ||   464
       Demon whip        |       |       |       |   166 |   468 |       ||   634
       Shillelagh        |       |       |       |       |   413 |   326 ||   739
Throw: Throwing net      |       |       |       |     1 |       |       ||     1
Invok: Berserk           |     1 |     3 |     5 |    10 |    10 |     3 ||    32
       Trog's Hand       |       |       |       |     2 |     3 |     1 ||     6
 Abil: Fly               |       |       |       |       |     1 |       ||     1
  Use: Scroll            |       |     5 |     1 |     8 |    14 |     5 ||    33
       Potion            |       |       |     3 |     5 |     1 |     2 ||    11
 Stab: Petrified         |       |       |       |       |     2 |       ||     2
  Eat: Chunk             |     2 |     9 |    15 |    43 |    19 |    13 ||   101
       Ration            |       |       |       |     1 |     2 |     2 ||     5
Armor: Animal skin       |    22 |       |       |       |       |       ||    22
       Ring mail         |    22 |    49 |       |       |       |    58 ||   129
       Scale mail        |       |    10 |   314 |   580 |    51 |       ||   955
       Chain mail        |       |       |       |       |   217 |       ||   217
       Acid dragon scale |       |       |       |       |   140 |   115 ||   255
Dodge: Dodged            |    65 |   102 |   324 |   614 |   591 |   559 ||  2255
Block: Shield            |       |       |       |       |       |   248 ||   248

Table legend:
 A = Non-vault XP
 B = Vault XP
 C = Vault XP percentage of total XP
 D = Non-vault monster count
 E = Vault monster count
 F = Vault count percentage of total count
                 A         B        C        D         E       F
            +---------+---------+-------+---------+---------+-------
      Total |  111146 |   80403 |  42.0 |     567 |     295 |  34.2
            +---------+---------+-------+---------+---------+-------
        D:1 |      29 |       0 |   0.0 |      18 |       0 |   0.0
        D:2 |      20 |       0 |   0.0 |      12 |       0 |   0.0
        D:3 |      46 |      36 |  43.9 |      12 |       1 |   7.7
        D:4 |     450 |       0 |   0.0 |      14 |       0 |   0.0
        D:5 |     234 |       0 |   0.0 |      12 |       0 |   0.0
        D:6 |    1144 |     393 |  25.6 |      33 |       5 |  13.2
        D:7 |    1564 |    1812 |  53.7 |      41 |       5 |  10.9
        D:8 |    1192 |     982 |  45.2 |      28 |       4 |  12.5
        D:9 |    1746 |    3575 |  67.2 |      12 |      21 |  63.6
       D:10 |    2476 |    2275 |  47.9 |      35 |      11 |  23.9
       D:11 |    8912 |    1626 |  15.4 |      34 |       3 |   8.1
       D:12 |    5889 |       0 |   0.0 |      34 |       0 |   0.0
       D:13 |    5141 |    4768 |  48.1 |      35 |      11 |  23.9
       D:14 |    1396 |    2373 |  63.0 |       7 |       3 |  30.0
       D:15 |   17189 |    4490 |  20.7 |      45 |       4 |   8.2
     Lair:1 |    3925 |     729 |  15.7 |      16 |       2 |  11.1
     Lair:2 |    5421 |    2333 |  30.1 |      14 |       9 |  39.1
     Lair:3 |    8077 |    4288 |  34.7 |      19 |       7 |  26.9
     Lair:4 |    8912 |    3248 |  26.7 |      29 |      11 |  27.5
     Lair:5 |    6299 |    1997 |  24.1 |      24 |       6 |  20.0
     Lair:6 |    8866 |   13015 |  59.5 |      25 |      50 |  66.7
   Shoals:1 |   15590 |    3567 |  18.6 |      36 |       8 |  18.2
   Shoals:2 |    5199 |       0 |   0.0 |      13 |       0 |   0.0
      Orc:1 |    1096 |    7966 |  87.9 |      13 |      21 |  61.8
      Orc:2 |     333 |    8912 |  96.4 |       6 |      67 |  91.8
      IceCv |       0 |    3278 | 100.0 |       0 |      11 | 100.0
    Volcano |       0 |    4233 | 100.0 |       0 |      23 | 100.0
   Gauntlet |       0 |    4507 | 100.0 |       0 |      12 | 100.0
            +---------+---------+-------+---------+---------+-------
